 Dungeon Crawl Stone Soup version 0.31-a0-1163-gcee99d1eea (webtiles) character file.

Game seed: 18444690282732831871

14 James the Ruffian (level 2, 0/19 HPs)
             Began as an Octopode Shapeshifter on Dec 9, 2023.
             Slain by a worm (10 damage)
             ... on level 2 of the Dungeon.
             The game lasted 00:01:20 (499 turns).

James the Ruffian (Octopode Shapeshifter)            Turns: 499, Time: 00:01:21

Health: 0/19       AC:  1    Str: 13    XL:     2   Next: 45%
Magic:  2/2        EV: 13    Int: 12    God:
Gold:   51         SH:  0    Dex: 11    Spells: 1/1 levels left

rFire   . .          .
                       - Unarmed
rCold   . . .        (no shield)
rNeg    . . .        (helmet currently unavailable)
rPois   .            (no amulet)
rElec   .            (no ring)
rCorr   .            (no ring)
SInv    .            (no ring)
Will    .....        (no ring)
Stlth   ++           (no ring)
HPRegen 0.23/turn    (no ring)
MPRegen 0.08/turn    (no ring)
                     (no ring)

%: no passive effects
@: beast-form
A: beast (slay +1), almost no armour, amphibious, 8 rings, camouflage 1,
gelatinous body 1, (nimble swimmer 1), tentacles
a: Begin Untransformation


You were on level 2 of the Dungeon.
You were a hulking beast.
You visited 1 branch of the dungeon, and saw 2 of its levels.

You collected 51 gold pieces.

Inventory:

Hand Weapons
 l - a +0 sling
   (You found it on level 2 of the Dungeon)
Missiles
 k - 6 stones
Magical Staves
 d - a staff of cold
   (You found it on level 1 of the Dungeon)
Talismans
 b - a beast talisman
 c - a flux talisman
Scrolls
 f - a scroll of identify {unknown}
 g - a scroll of immolation {unknown}
 i - a scroll of enchant armour {unknown}
 j - a scroll of teleportation {unknown}
Potions
 a - a potion of lignification {!q}
 e - 2 potions of mutation {unknown}
 h - a potion of magic {unknown}


   Skills:
 - Level 2.0 Fighting
 - Level 2.0 Dodging
 + Level 3.3 Unarmed Combat
 - Level 3.0 Shapeshifting


You had one spell level left.
You didn't know any spells.
Your spell library contained the following spells:

 Spells                   Type           Power      Damage    Failure   Level
 Apportation              Tloc           0%         N/A       32%         1
 Necrotise                Necr           0%         1d4       32%         1
 Summon Small Mammal      Summ           0%         N/A       32%         1
 Summon Guardian Golem    Hex/Summ       0%         N/A       69%         3
 Orb of Destruction       Conj           0%         9d5       100%        7
 Spellforged Servitor     Conj/Summ      0%         N/A       100%        7


Dungeon Overview and Level Annotations

Branches:
Dungeon (2/15)

Altars:


Innate Abilities, Weirdness & Mutations

You are a hulking beast.
Your limbs bulge with bestial killing power. (Slay +1)
You cannot wear most types of armour.
You are amphibious.
You can wear up to eight rings at the same time.
Your skin changes colour to match your surroundings (Stealth+).
Your rubbery body absorbs attacks. (AC +1, EV +1)
((You are camouflaged when in or above water. (Stealth+)))
You have tentacles for arms and can constrict up to eight enemies at once.


Message History

You tentacle-slap the rat.
You kill the rat!
No target in view!
No target in view!
Found a pair of gloves.
Found a book of Cantrips.
You see here a +0 pair of gloves.
You pick up a book of Cantrips and begin reading...
You add the spells Necrotise, Summon Small Mammal and Apportation to your library.
You see here a +0 pair of gloves.
There is a stone staircase leading down here.
Done exploring.
Done exploring.
Search for what [? for help]? .
Sorry, I don't know how to get there.
There is a stone staircase leading down here.
Unknown command.
You climb downwards.
Found 6 stones.
There is a stone staircase leading up here.
A rat comes into view.
You see here 6 stones.
k - 6 stones
Found a sling.
The rat squeaks loudly.
You tentacle-slap the rat.
You kill the rat!
No target in view!
No target in view!
Found a pair of gloves.
A worm comes into view.
A bat comes into view.
Found 5 stones.
Found 7 gold pieces.
You see here a +0 sling.
l - a +0 sling The bat misses you.
The bat misses you. The bat closely misses you.
You closely miss the bat. Your grab misses the bat.
Your squeeze misses the bat. The bat hits you but does no damage.
The bat barely misses you.
You tentacle-slap the bat.
You kill the bat!
You tentacle-slap the worm. You grab the worm. You constrict the worm.
The worm bites you!
You tentacle-slap the worm. You squeeze the worm, but do no damage.
You constrict the worm. You tentacle-slap the worm. You constrict the worm.
The worm bites you!
Ouch! That really hurt!
You die...

............<..##
..................#
$..................#
...................#
...................#
..........#...........
......................
...................#...
.........hw............
...................####.
.....................
...................##
..................[#
...................
..................
.(...............
...............#.


You could see a worm.

Vanquished Creatures
  A ball python (D:1)
  2 endoplasms (D:1)
  2 goblins (D:1)
  2 jackals (D:1)
  2 bats
  2 kobolds (D:1)
  3 rats
14 creatures vanquished.

Notes
Turn   | Place    | Note
-------+----------+-------------------------------------------
     0 | D:1      | James the Octopode Shapeshifter began the quest for the
                  | Orb.
     0 | D:1      | Reached XP level 1. HP: 13/13 MP: 1/1
   192 | D:1      | Reached XP level 2. HP: 19/19 MP: 2/2
   499 | D:2      | Slain by a worm

Illustrated notes

Levels and vault maps discovered:
D:1:      spicycebolla_arrival_ecumenical, layout_rooms
D:2:      layout_rooms, serial_corexii_hall, corexii_hall_statues_deadend,
          chequers_hall_statues_y

Skill      XL: |  1 |
---------------+----+-----
Fighting       | 2 |  2.0
Dodging        | |  2.0
Unarmed Combat | |  3.3
Shapeshifting  | |  3.0

Action                     || total
---------------------------++-------
  Melee: Unarmed           ||    32
         Constrict         ||     9
         Tentacles         ||     1
   Stab: Sleeping          ||     1
 Armour: Skin              ||     9
  Dodge: Dodged            ||    21

Table legend: (Time is in decaauts)
 A = Elapsed time spent in this place.
 B = Non-inter-level travel time spent in this place.
 C = Inter-level travel time spent in this place.
 D = Time resting spent in this place.
 E = Time spent auto-exploring this place.
 F = Levels seen in this place.
 G = Mean time per level.
                   A        B        C        D        E       F      G
               +--------+--------+--------+--------+--------+-----+--------+
         Total |    496 |    473 |     23 |      0 |    355 |   2 |  248.0 |
       Dungeon |    496 |    473 |     23 |      0 |    355 |   2 |  248.0 |
               +--------+--------+--------+--------+--------+-----+--------+

Top non-repeatable levels by time:
     D:1: 471 daAuts
     D:2: 25 daAuts
